 Dungeon Crawl Stone Soup version 0.19.5 (webtiles) character file.

117998 Jerry the Executioner (level 16, -4/149 HPs)
             Began as a Hill Orc Gladiator on Mar 24, 2017.
             Was an Elder of Okawaru.
             Slain by a merfolk impaler
             ... wielding a +0 trident
              (11 damage)
             ... on level 2 of the Shoals.
             The game lasted 02:04:18 (32156 turns).

Jerry the Executioner (Hill Orc Gladiator)         Turns: 32156, Time: 02:04:19

Health: -4/149     AC: 33    Str: 20    XL:     16   Next: 75%
Magic:  22/22      EV: 10    Int: 10    God:    Okawaru [****..]
Gold:   1617       SH:  0    Dex:  8    Spells: 3 memorised, 11 levels left

rFire  . . .     SeeInvis .     a - +4 executioner's axe (chop)
rCold  + . .     Gourm    .     d - +10 plate armour "Ymoar" {rElec rC+ Str-4 Int+2}
rNeg   . . .     Faith    .     (shield currently unavailable)
rPois  +         Spirit   .     N - +2 hat {MR+}
rElec  +         Reflect  .     M - +0 cloak "Siczib" {+Fly}
rCorr  .         Harm     .     c - +0 pair of gloves
MR     ++...     Clarity  +     J - +0 pair of boots
Stlth  ..........               (no amulet)
                                q - ring of poison resistance
                                u - +3 ring of evasion

@: heroism, very heavily drained
A: fangs 1, slimy green scales 1, blink, clarity, clumsy 2
a: Blink, Heroism, Renounce Religion, Evoke Flight


You were on level 2 of the Shoals.
You worshipped Okawaru.
Okawaru was greatly pleased with you.
You were near starving.

You visited 3 branches of the dungeon, and saw 18 of its levels.
You visited the Abyss 1 time.

You collected 1617 gold pieces.

Inventory:

Hand Weapons
 a - a +4 executioner's axe of chopping (weapon)
 Q - the +2 broad axe of Abuse {drain, Dex+3}
   (Okawaru gifted it to you on level 5 of the Lair of Beasts)

   A truly terrible weapon, it drains the life of those it strikes.
   It affects your dexterity (+3).
 U - a +2 demon trident of electrocution
Missiles
 o - 12 javelins of penetration
 V - 2 throwing nets (quivered)
Armour
 c - a +0 pair of gloves (worn)
 d - the +10 plate armour "Ymoar" (worn) {rElec rC+ Str-4 Int+2}
   (Okawaru gifted it to you on level 8 of the Dungeon)

   It affects your strength (-4).
   It affects your intelligence (+2).
   It protects you from cold.
   It insulates you from electricity.
 H - a +0 buckler
 J - a +0 pair of boots (worn)
 M - the +0 cloak "Siczib" (worn) {+Fly}
   (Okawaru gifted it to you on level 4 of the Lair of Beasts)

   It lets you fly.
 N - a +2 hat of magic resistance (worn)
 R - a +2 cloak of invisibility
 X - the +9 plate armour "Jiunuo" {+Inv rN+ Dex-2 Slay+3}
   (You found it on level 2 of the Abyss)

   It affects your dexterity (-2).
   It affects your accuracy and damage with ranged weapons and melee attacks
   (+3).
   It protects you from negative energy.
   It lets you turn invisible.
Jewellery
 q - a ring of poison resistance (right hand)
 u - a +3 ring of evasion (left hand)
 G - an uncursed ring of positive energy
 K - an uncursed ring of ice
Wands
 P - a wand of confusion (26/48)
 W - a wand of paralysis (13/24)
Scrolls
 g - 2 scrolls of blinking
 i - 5 scrolls of remove curse
 p - 2 scrolls of teleportation
 w - a scroll of immolation
 B - 5 scrolls of identify
 C - 6 scrolls of amnesia
 D - a scroll of enchant armour
 I - 4 scrolls of magic mapping
Potions
 e - a potion of cancellation
 j - 4 potions of brilliance
 k - 5 potions of flight
 l - 3 potions of curing
 n - 2 potions of lignification
 t - 2 potions of agility
 v - 2 potions of heal wounds
 z - 6 potions of haste
Books
 y - a book of Air

   Spells                             Type                      Level
   a - Shock                          Conjuration/Air              1
   b - Swiftness                      Charms/Air                   2
   c - Repel Missiles                 Charms/Air                   2
   d - Static Discharge               Conjuration/Air              3
   e - Lightning Bolt                 Conjuration/Air              5
 S - a book of Fire

   Spells                             Type                      Level
   a - Ignite Poison                  Fire/Transmutation/Poison    3
   b - Fireball                       Conjuration/Fire             5
   c - Bolt of Fire                   Conjuration/Fire             6
   d - Delayed Fireball               Conjuration/Fire             7
   e - Ring of Flames                 Charms/Fire                  7
Comestibles
 f - 11 bread rations
 h - 8 beef jerkies
 r - 21 royal jellies
 s - 25 fruits
 A - 9 meat rations


   Skills:
 - Level 15.0(10.9) Fighting
 * Level 23.4(16.6) Axes
 - Level 1.7(0.0) Throwing
 + Level 15.8(11.5) Armour
 + Level 4.1(2.0) Dodging
 - Level 5.1(2.8) Shields
 - Level 9.2(2.0) Invocations


You had 11 spell levels left.
You knew the following spells:

 Your Spells              Type           Power        Failure   Level  Hunger
a - Repel Missiles        Chrm/Air       #.....       100%        2    ###....
b - Animate Skeleton      Necr           N/A          100%        1    ##.....
c - Apportation           Tloc           #.........   100%        1    ##.....


Dungeon Overview and Level Annotations

Branches:
Dungeon (9/15)             Temple (0/1) D:4            Lair (6/6) D:8
 Shoals (3/4) Lair:3       Spider (0/4) Lair:4        Slime (0/5) Lair:5
    Orc: D:9-12

Altars:
Ashenzari
Fedhas
Gozag
Hepliaklqana
Makhleb
Nemelex Xobeh
Okawaru
Trog
Uskayaw
Xom
Yredelemnul
The Shining One

Shops:
D:5 %   Shoals:2 [

Annotations:
D:7 exclusion: oklob plant


Innate Abilities, Weirdness & Mutations

You have very sharp teeth.
You are partially covered in slimy green scales. (AC +2)
You can translocate small distances at will.
You possess an exceptional clarity of mind.
You are very clumsy. (Dex -4)


Message History

The merfolk misses you.
The merfolk impaler hits you from afar with a demon trident of draining.
* * * LOW HITPOINT WARNING * * *
You feel drained.
The merfolk impaler hits you but does no damage.
The merfolk hits you but does no damage. x2
The siren closely misses you.
You climb upwards.
There is a stone staircase leading down here.
Unknown command.
You are near starving!
You hit the merfolk impaler but do no damage.
The merfolk impaler is almost dead.
The merfolk impaler barely misses you.
The merfolk impaler hits you but does no damage.
You miss the merfolk impaler.
The merfolk impaler is almost dead.
The merfolk impaler hits you but does no damage.
The merfolk impaler hits you with a trident!
You die...

.≈≈≈≈≈≈≈≈≈≈P≈≈≈..(..>[)≈≈≈≈≈PP≈≈P
..≈≈≈≈≈≈≈≈≈≈≈≈...(.).[)≈≈≈P≈PPP≈.
..≈≈≈≈≈≈≈≈≈≈≈≈≈((≈≈≈≈.≈≈P≈≈P≈≈≈..
..≈≈≈≈≈≈≈≈≈≈≈≈≈≈≈≈≈≈≈≈≈≈≈≈.P≈P...
...≈≈≈≈≈≈..≈≈≈≈≈≈≈≈≈≈≈≈≈≈..≈PP..≈
...≈≈≈≈......≈.≈≈≈≈...≈≈≈..≈≈...≈
....≈≈...###....≈≈≈...≈≈.##PP..#.
..≈≈≈≈≈..# ###..m.......##....##.
.≈≈≈≈≈≈≈.# #..@...#........≈...
.≈≈≈≈≈≈≈.# ##...).#........≈≈..
..≈≈≈≈≈≈.##########.....≈≈.≈.....
..≈≈≈≈≈≈.P.P.P......)...≈≈.≈.....
≈.P≈≈≈≈≈...PP.......≈...≈≈.≈.....
≈≈≈≈≈≈≈...P.........≈≈.≈≈≈≈≈≈...≈
≈≈≈≈≈≈≈...PPm.......≈≈≈≈≈≈≈≈≈≈≈.≈
≈≈≈≈≈≈≈...).......<.≈≈≈≈≈≈≈≈≈≈≈≈≈
≈≈≈≈≈≈..P..P.∩....<≈≈≈≈≈≈≈≈≈≈≈≈≈≈


You could see a merfolk impaler.

Vanquished Creatures
  A tentacled starspawn (Abyss:2)
  Polyphemus (Shoals:2)
  Louise (Shoals:2)
  2 entropy weavers (Lair:5)
  Nessos (Lair:6)
  4 merfolk javelineers
  A fire dragon (Lair:6)
  Josephine (Lair:4)
  5 merfolk impalers
  Fannar (Lair:2)
  6 hydras
  A merfolk aquamancer (Shoals:2)
  2 alligator snapping turtles (Shoals:2)
  A satyr (Shoals:2)
  2 catoblepae
  A queen ant (Lair:5)
  6 death yaks
  Urug (Lair:3)
  A soul eater (Abyss:2)
  2 thrashing horrors (Abyss:2)
  A titan skeleton (Abyss:2)
  A fire crab (Lair:6)
  A sixfirhy (Abyss:2)
  A spatial maelstrom (Abyss:2)
  10 sea snakes
  A hill giant (D:9)
  17 harpies
  4 lindwurms
  4 large abominations (Abyss:2)
  11 fauns
  10 manticores
  22 elephants
  2 worldbinders (Abyss:2)
  6 sirens
  3 water nymphs
  9 torpor snails
  5 black mambas
  10 spiny frogs
  3 smoke demons (Abyss:2)
  3 rime drakes
  9 komodo dragons
  4 wind drakes
  6 jumping spiders (Lair:4)
  2 queen bees
  3 meliai (Lair:5)
  A polar bear (Lair:4)
  5 tyrant leeches (Lair:6)
  28 merfolk
  17 blink frogs
  7 hornets (Lair:6)
  8 hippogriffs
  2 dream sheep (Lair:6)
  3 snapping turtles (Shoals:1)
  A redback (Lair:4)
  6 starcursed masses (Abyss:2)
  3 flying skulls (Abyss:2)
  Sigmund (D:2)
  3 water elementals
  5 wraiths
  A ynoxinul (Abyss:2)
  The ghost of VinsantI the Ruffian, an amateur TrWr of Dithmenos (D:4)
  34 yaks
  2 wyverns
  5 basilisks
  Menkaure (D:4)
  A chaos spawn (Abyss:2)
  A steam dragon (D:7)
  2 hungry ghosts
  A swamp worm (Lair:6)
  3 wargs
  23 soldier ants
  12 water moccasins
  4 porcupines
  An orc warrior (D:6)
  An ice beast (D:9)
  2 sky beasts
  A phantom (D:4)
  6 ogres
  8 small abominations (Abyss:2)
  11 wolves
  15 crocodiles
  4 centaurs
  12 bullfrogs
  Blork the orc (D:5)
  A wyvern zombie (D:6)
  A water moccasin skeleton (D:6)
  2 scorpions
  52 killer bees
  2 howler monkeys
  4 crimson imps
  2 hounds
  A quasit (Abyss:2)
  A bullfrog skeleton (D:4)
  2 jellies
  An orc priest (D:3)
  2 centaur skeletons (D:7)
  8 orc wizards
  6 iguanas
  24 worker ants
  A hell rat (Lair:5)
  A hound skeleton (D:4)
  16 adders
  5 gnolls
  3 shadow imps
  2 white imps (Abyss:2)
  An ooze (D:2)
  2 adder skeletons
  5 worms
  A dart slug (D:3)
  4 leopard geckos
  27 orcs
  4 giant cockroaches
  10 goblins
  15 hobgoblins
  6 jackals
  7 quokkas
  A ball python (D:1)
  7 bats
  5 frilled lizards
  A jackal skeleton (D:4)
  7 kobolds
  A leopard gecko skeleton (D:4)
  13 rats
  A fungus (Lair:6)
  2 plants
  A starspawn tentacle (Abyss:2)
690 creatures vanquished.

Vanquished Creatures (others)
  18 fungi
  41 plants
  2 starspawn tentacles (Abyss:2)
61 creatures vanquished.

Grand Total: 751 creatures vanquished

Notes
Turn   | Place    | Note
-------+----------+-------------------------------------------
     0 | D:1      | Jerry the Hill Orc Gladiator began the quest for the Orb.
     0 | D:1      | Reached XP level 1. HP: 18/18 MP: 1/1
   129 | D:1      | Reached skill level 1 in Armour
   129 | D:1      | Reached XP level 2. HP: 25/25 MP: 2/2
   722 | D:1      | Reached XP level 3. HP: 30/30 MP: 3/3
  1121 | D:2      | Reached skill level 5 in Axes
  1422 | D:2      | Reached XP level 4. HP: 37/38 MP: 4/4
  1666 | D:2      | Reached XP level 5. HP: 31/45 MP: 5/5
  1809 | D:2      | Found a blossoming altar of Fedhas.
  1816 | D:2      | Reached skill level 6 in Axes
  1848 | D:2      | Found a hazy altar of Hepliaklqana.
  1849 | D:2      | Found a shimmering altar of Xom.
  1850 | D:2      | Noticed a spectral ugly thing
  2071 | D:2      | Found a sparkling altar of Nemelex Xobeh.
  2071 | D:2      | Found an iron altar of Okawaru.
  2083 | D:2      | Found a glowing golden altar of the Shining One.
  2198 | D:2      | Noticed Sigmund
  2433 | D:2      | Killed Sigmund
  2433 | D:2      | Reached skill level 7 in Axes
  2433 | D:2      | Reached XP level 6. HP: 31/53 MP: 6/6
  2729 | D:2      | Became a worshipper of Warmaster Okawaru
  3108 | D:3      | Found a basalt altar of Yredelemnul.
  4008 | D:3      | Reached XP level 7. HP: 45/60 MP: 7/7
  4096 | D:3      | Reached skill level 8 in Axes
  4195 | D:4      | Found a hide-covered altar of Uskayaw.
  4231 | D:4      | Reached skill level 5 in Fighting
  4277 | D:4      | Reached * piety under Okawaru
  4385 | D:4      | Noticed Menkaure
  4648 | D:4      | Noticed VinsantI's ghost (amateur TrWr)
  4738 | D:4      | Killed VinsantI's ghost
  4738 | D:4      | Reached skill level 9 in Axes
  4738 | D:4      | Reached XP level 8. HP: 19/70 MP: 8/8
  5125 | D:4      | Killed Menkaure
  5511 | D:4      | Found a staircase to the Ecumenical Temple.
  5645 | D:5      | Entered Level 5 of the Dungeon
  5648 | D:5      | Reached skill level 10 in Axes
  5649 | D:5      | Found a shattered altar of Ashenzari.
  6197 | D:5      | Reached skill level 5 in Armour
  6207 | D:5      | Found Yletupp's Food Shoppe.
  6218 | D:5      | Reached ** piety under Okawaru
  6376 | D:5      | Reached skill level 1 in Invocations
  6438 | D:5      | Found a burning altar of Makhleb.
  6445 | D:5      | Found a bloodstained altar of Trog.
  6521 | D:5      | Noticed Blork the orc
  6529 | D:5      | Killed Blork the orc
  7126 | D:5      | Found an opulent altar of Gozag.
  7445 | D:6      | Reached skill level 11 in Axes
  7445 | D:6      | Reached XP level 9. HP: 61/79 MP: 10/10
  7827 | D:6      | Gained mutation: You possess an exceptional clarity of mind. [mutagenic meat]
  7828 | D:6      | Gained mutation: Your mind is acute. (Int +2) [mutagenic meat]
  7829 | D:6      | Gained mutation: You are partially covered in slimy green scales. (AC +2) [mutagenic meat]
  8507 | D:7      | Reached *** piety under Okawaru
  8846 | D:7      | Noticed an oklob plant
  9181 | D:7      | Reached skill level 12 in Axes
  9622 | D:7      | Reached skill level 5 in Invocations
  9629 | D:7      | Gained mutation: You are clumsy. (Dex -2) [mutagenic meat]
  9630 | D:7      | Lost mutation: Your mind is acute. (Int +2) [mutagenic meat]
  9631 | D:7      | Gained mutation: You can translocate small distances at will. [mutagenic meat]
  9632 | D:7      | Gained mutation: You are very clumsy. (Dex -4) [mutagenic meat]
  9995 | D:7      | Reached XP level 10. HP: 84/88 MP: 13/13
 10015 | D:8      | Learned a level 2 spell: Repel Missiles
 10139 | D:8      | Found an iron altar of Okawaru.
 10215 | D:8      | Found a staircase to the Lair.
 10268 | D:8      | Noticed a five-headed hydra
 10321 | D:8      | Killed a five-headed hydra
 10321 | D:8      | Reached **** piety under Okawaru
 10321 | D:8      | Reached skill level 13 in Axes
 11317 | D:9      | Received a gift from Okawaru
 11334 | D:9      | Reached skill level 1 in Shields
 11429 | D:9      | HP: 4/91 [killer bee (2)]
 11431 | D:9      | HP: 1/91 [killer bee (3)]
 11451 | D:9      | Reached ***** piety under Okawaru
 11459 | D:9      | Reached skill level 14 in Axes
 12035 | D:9      | Noticed a hill giant
 12045 | D:9      | Killed a hill giant
 12045 | D:9      | Reached XP level 11. HP: 84/99 MP: 12/15
 12179 | Lair:1   | Entered Level 1 of the Lair of Beasts
 12187 | Lair:1   | Noticed a seven-headed hydra
 12216 | Lair:1   | Killed a seven-headed hydra
 12277 | D:8      | Received a gift from Okawaru
 12288 | D:8      | Reached skill level 10 in Fighting
 12293 | D:8      | Got a warped plate armour {god gift}
 12295 | D:8      | Identified the +10 plate armour "Ymoar" {rElec rC+ Str-4 Int+2} (Okawaru gifted it to you on level 8 of the Dungeon)
 13291 | Lair:1   | Reached skill level 15 in Axes
 14299 | Lair:2   | Noticed Fannar
 14321 | Lair:2   | Killed Fannar
 14337 | Lair:2   | Noticed a four-headed hydra
 14353 | Lair:2   | Killed a four-headed hydra
 14353 | Lair:2   | Reached skill level 5 in Shields
 14673 | Lair:2   | Learned a level 1 spell: Animate Skeleton
 14675 | Lair:2   | Learned a level 1 spell: Apportation
 14762 | Lair:2   | Reached XP level 12. HP: 43/108 MP: 16/16
 15337 | Lair:2   | Reached skill level 16 in Axes
 15694 | Lair:2   | Reached skill level 10 in Armour
 15706 | Lair:2   | Noticed a four-headed hydra
 15722 | Lair:2   | Killed a four-headed hydra
 16675 | Lair:3   | Noticed Urug
 16721 | Lair:3   | Killed Urug
 16721 | Lair:3   | Received a gift from Okawaru
 16721 | Lair:3   | Reached skill level 17 in Axes
 17218 | Lair:3   | Found a staircase to the Shoals.
 17978 | Lair:4   | Found a hole to the Spider Nest.
 18265 | Lair:4   | Received a gift from Okawaru
 18268 | Lair:4   | Got a distressingly furry cloak {god gift}
 18274 | Lair:4   | Identified the +0 cloak "Siczib" {+Fly} (Okawaru gifted it to you on level 4 of the Lair of Beasts)
 18647 | Lair:4   | Reached XP level 13. HP: 110/118 MP: 17/17
 18669 | Lair:5   | Noticed an entropy weaver
 18670 | Lair:5   | Noticed an entropy weaver
 18795 | Lair:5   | Found a staircase to the Slime Pits.
 18857 | Lair:5   | Reached skill level 18 in Axes
 19976 | Lair:5   | Killed an entropy weaver
 20427 | Lair:5   | Noticed Josephine
 20454 | Lair:4   | Killed Josephine
 20558 | Lair:5   | Received a gift from Okawaru
 20594 | Lair:5   | Reached skill level 19 in Axes
 20598 | Lair:5   | Got a bloodstained broad axe {god gift}
 20599 | Lair:5   | Identified the +2 broad axe of Abuse {drain, Dex+3} (Okawaru gifted it to you on level 5 of the Lair of Beasts)
 21546 | Lair:6   | Entered Level 6 of the Lair of Beasts
 21582 | Lair:5   | Reached XP level 14. HP: 74/129 MP: 20/20
 22011 | Lair:6   | Got a dazzling war axe
 22018 | Lair:6   | Identified the +6 war axe "Nuqyamumm" {chop, *Corrode MR+ Str+8} (You found it on level 6 of the Lair of Beasts)
 22066 | Lair:6   | Reached ****** piety under Okawaru
 22130 | Lair:6   | Received a gift from Okawaru
 22256 | Lair:6   | Noticed Nessos
 22701 | Lair:6   | Found a runed door.
 22751 | Lair:6   | Reached skill level 20 in Axes
 23725 | Lair:6   | HP: 5/132 [lindwurm/blast of flame (27)]
 24091 | Lair:6   | Received a gift from Okawaru
 24197 | Lair:6   | Reached XP level 15. HP: 139/139 MP: 18/21
 24249 | Lair:6   | Killed Nessos
 24452 | Lair:5   | Reached skill level 21 in Axes
 24645 | Shoals:1 | Entered Level 1 of the Shoals
 25438 | Shoals:1 | Received a gift from Okawaru
 25588 | Shoals:2 | Found Voklut's Antique Armour Shop.
 26481 | Shoals:1 | Reached skill level 15 in Fighting
 28072 | Shoals:2 | Reached skill level 22 in Axes
 28315 | Shoals:2 | Received a gift from Okawaru
 28347 | Shoals:2 | Noticed Louise
 28376 | Shoals:2 | Killed Louise
 28933 | Shoals:2 | Reached XP level 16. HP: 139/149 MP: 22/22
 29329 | Shoals:2 | Reached skill level 15 in Armour
 29512 | Shoals:2 | Received a gift from Okawaru
 29523 | Shoals:2 | Noticed Polyphemus
 29546 | Shoals:2 | Killed Polyphemus
 30391 | Shoals:2 | Cast into level 2 of the Abyss (merfolk impaler)
 30423 | Abyss:2  | Got a spiked plate armour
 30690 | Abyss:2  | Reached skill level 23 in Axes
 30881 | Abyss:2  | Noticed a tentacled starspawn
 30896 | Abyss:2  | Noticed a hellephant
 30898 | Abyss:2  | Killed a tentacled starspawn
 31066 | Shoals:2 | Escaped the Abyss
 31355 | Shoals:2 | Identified the +9 plate armour "Jiunuo" {+Inv rN+ Dex-2 Slay+3} (You found it on level 2 of the Abyss)
 31356 | Shoals:2 | Lost mutation: You possess an exceptional clarity of mind. [potion of mutation]
 31356 | Shoals:2 | Gained mutation: You have very sharp teeth. [potion of mutation]
 31356 | Shoals:2 | Gained mutation: You possess an exceptional clarity of mind. [potion of mutation]
 32152 | Shoals:3 | HP: 6/149 [siren/trident (2)]
 32156 | Shoals:2 | Slain by a merfolk impaler

Skill      XL: |  1  2  3  4  5  6  7  8  9 10 11 12 13 14 15 16 |
---------------+-------------------------------------------------+-----
Armour         | 1 2 3 4 5 6 8 9 10 12 13 14 15 | 15.8
Fighting       | 3 4 5 7 8 9 10 12 13 14 15 | 15.0
Axes           | 5 7 9 11 12 14 15 17 19 20 22 23 | 23.4
Invocations    | 2 5 8 9 |  9.2
Shields        | 2 5 |  5.1
Dodging        | 4 |  4.1
Throwing       | |  1.7

Action                   |  1- 3 |  4- 6 |  7- 9 | 10-12 | 13-15 | 16-18 || total
-------------------------+-------+-------+-------+-------+-------+-------++-------
Melee: War axe           |   106 |   169 |   393 |   717 |       |       ||  1385
       Flail             |       |       |       |    84 |    22 |       ||   106
       Punch             |       |       |       |     1 |     3 |       ||     4
       Battleaxe         |       |       |       |   113 |   668 |    33 ||   814
       Broad axe         |       |       |       |       |   591 |       ||   591
       Executioner's axe |       |       |       |       |    39 |   299 ||   338
       Bite              |       |       |       |       |       |     5 ||     5
 Fire: Hand crossbow     |       |       |    15 |     7 |       |       ||    22
Throw: Throwing net      |       |     4 |       |     2 |       |       ||     6
Invok: Heroism           |       |       |       |    25 |    49 |    16 ||    90
       Finesse           |       |       |       |       |     1 |     5 ||     6
 Abil: Evoke Flight      |       |       |       |       |     4 |     3 ||     7
Evoke: Wand              |       |       |       |       |     1 |       ||     1
  Use: Scroll            |       |       |     3 |    10 |    16 |     6 ||    35
       Potion            |       |       |       |     5 |     6 |     2 ||    13
 Stab: Held in net/web   |       |     1 |       |     2 |       |       ||     3
       Sleeping          |       |     2 |     2 |       |       |       ||     4
       Distracted        |       |       |     1 |       |       |     1 ||     2
       Invisible         |       |       |       |     1 |     2 |       ||     3
       Petrified         |       |       |       |       |     4 |       ||     4
       Petrifying        |       |       |       |       |     1 |       ||     1
  Eat: Chunk             |     1 |     9 |    21 |    23 |    32 |     8 ||    94
       Meat ration       |       |       |     1 |       |       |       ||     1
       Royal jelly       |       |       |       |     1 |       |       ||     1
       Beef jerky        |       |       |       |     2 |       |     1 ||     3
       Fruit             |       |       |       |     1 |       |       ||     1
       Pizza             |       |       |       |       |     2 |       ||     2
Armor: Leather armour    |    23 |    44 |    35 |       |       |       ||   102
       Chain mail        |       |       |     3 |       |       |       ||     3
       Scale mail        |       |       |   100 |   300 |       |       ||   400
       Skin              |       |       |       |   123 |       |       ||   123
       Plate armour      |       |       |       |   117 |  1071 |   280 ||  1468
Dodge: Dodged            |    75 |    96 |   218 |   373 |   645 |   234 ||  1641
Block: Buckler           |       |       |       |    70 |    91 |       ||   161
